Sabres vs Canucks

Created - March 14 2012 at 17:51

Goals
1 2 3 T
Sabres 0 1 0 1
Canucks 0 2 1 3
Shots
1 2 3 T
Sabres 5 9 8 22
Canucks 8 11 14 33

Period #1

No Goal

Penalties :
Andrej Sekera (BUF) for Holding (Minor) at 3:00, Brad Stuart (BUF) for Interference (Minor) at 11:03

Period #2

1. Sabres , Marian Hossa 32 (Thomas Vanek, Daniel Briere) at 3:50
2. Canucks , Corey Perry 44 (Erik Karlsson, Mikko Koivu) at 4:24
3. Canucks , Valtteri Filppula 17 (Corey Perry, Mikko Koivu) at 13:20

Penalties :
Tuomo Ruutu (BUF) for Roughing (Minor) at 9:37, Brad Stuart (BUF) for Slashing (Minor) at 10:36, Maxime Talbot (VAN) for Tripping (Minor) at 17:11

Period #3

4. Canucks , Erik Karlsson 14 (Loui Eriksson, Mikko Koivu) at 10:20 (PP)

Penalties :
Tyler Myers (BUF) for Goalie Interference (Minor) at 4:13, Tuomo Ruutu (BUF) for Attempt to injure (Major / Game Misconduct) at 9:01, Mike Knuble (BUF) for Tripping (Minor) at 14:52

Goalie Stats

Corey Crawford (BUF), 30 saves from 33 shots - (0.909), L, 28-32-2, 60:00 minutes
Henrik Lundqvist (VAN), 21 saves from 22 shots - (0.955), W, 38-17-4, 60:00 minutes

Players Stats

Sabres
Player Name              G  A  P  +/- PIM S  H  SB FO    MP 
------------------------------------------------------------
Andrej Sekera            0  0  0  -1  2   1  0  0  0/0   18 
Brad Stuart              0  0  0   1  4   0  0  1  0/0   21 
Brett Sterling           0  0  0   0  0   0  0  0  0/0   0  
Chris Stewart            0  0  0  -1  0   6  0  0  1/2   16 
Christian Ehrhoff        0  0  0   1  0   2  0  5  0/0   23 
Dan Cleary               0  0  0  -1  0   1  0  0  0/0   13 
Daniel Briere            0  1  1   1  0   0  2  0  11/18 19 
David Legwand            0  0  0  -1  0   0  0  0  2/5   6  
Jay Bouwmeester          0  0  0  -1  0   0  0  2  0/0   21 
Jordan Staal             0  0  0  -1  0   3  2  0  18/35 21 
Karl Alzner              0  0  0  -1  0   0  0  0  0/0   6  
Marian Hossa             1  0  1   1  0   2  0  1  0/0   22 
Mike Knuble              0  0  0  -1  2   0  0  0  0/0   19 
Mike Richards            0  0  0   0  0   1  1  0  14/23 17 
Thomas Vanek             0  1  1   1  0   2  0  0  0/2   17 
Trevor Daley             0  0  0  -1  0   0  0  1  0/0   14 
Tuomo Ruutu              0  0  0  -1  17  3  3  0  0/0   14 
Tyler Myers              0  0  0   0  2   1  4  2  0/0   18 
Canucks
Player Name              G  A  P  +/- PIM S  H  SB FO    MP 
------------------------------------------------------------
Alex Pietrangelo         0  0  0   0  0   1  0  0  0/0   22 
Brandon Sutter           0  0  0   0  0   0  0  0  3/6   6  
Brooks Laich             0  0  0  -1  0   2  0  0  4/10  15 
Corey Perry              1  1  2   2  0   2  1  1  2/5   25 
David Backes             0  0  0   0  0   2  4  0  4/6   22 
Dmitry Kulikov           0  0  0  -1  0   0  0  0  0/0   11 
Duncan Keith             0  0  0   2  0   2  0  1  0/0   22 
Erik Karlsson            1  1  2   2  0   3  0  0  0/0   23 
Fedor Tyutin             0  0  0  -1  0   0  0  1  0/0   15 
James van Riemsdyk       0  0  0  -1  0   6  0  0  0/0   17 
Kris Russell             0  0  0   0  0   0  0  0  0/0   6  
Loui Eriksson            0  1  1   0  0   2  0  0  0/1   22 
Matthew Carle            0  0  0   0  0   2  0  1  0/0   20 
Maxime Talbot            0  0  0  -1  2   1  3  0  0/1   11 
Mikko Koivu              0  3  3   2  0   4  1  0  17/29 22 
Phil Kessel              0  0  0   0  0   4  0  0  8/25  19 
Ryan OReilly             0  0  0   0  0   0  0  0  0/0   2  
Valtteri Filppula        1  0  1   2  0   2  0  0  1/2   15 

3 Stars

1 - Corey Perry (VAN)
2 - Mikko Koivu (VAN)
3 - Erik Karlsson (VAN)

Power Play

Sabres - 0 on 1 Attempt(s) - 0.00%
Canucks - 1 on 7 Attempt(s) - 14.29%

Penalty Kill

Sabres - 6 on 7 Attempt(s) - 85.71% - Score 0 goal in Penalty Kill
Canucks - 1 on 1 Attempt(s) - 100.00% - Score 0 goal in Penalty Kill

Game Notes

Tuomo Ruutu ejected from game at 9:01 of 3rd period

Finance

Level 1 -- Attendance: 6500 (100.00%) -- Ticket Income $520,000.00
Level 2 -- Attendance: 3398 (67.96%) -- Ticket Income $220,870.00
Level 3 -- Attendance: 2213 (63.23%) -- Ticket Income $110,650.00
Level 4 -- Attendance: 2070 (72.38%) -- Ticket Income $51,750.00
Luxury Box -- Attendance: 627 (62.70%) -- Ticket Income $156,750.00
Game was played at the Rogers Arena
Total Attendance: 14808 (78.52%)
Total Ticket Income: $1,162,391.00
Other Income: $218,871.90
Total Income: $1,381,263.00


Play by Play

Period #1

0:01 of 1st period - Mikko Koivu wins face-off versus Daniel Briere in neutral zone.
0:53 of 1st period - Icing by Brad Stuart.
0:54 of 1st period - Phil Kessel wins face-off versus Daniel Briere in Sabres zone.
1:03 of 1st period - Shot by Phil Kessel.
1:03 of 1st period - Shot Blocked by Christian Ehrhoff.
1:05 of 1st period - Shot by Phil Kessel.
1:05 of 1st period - Shot Misses the Net.
2:27 of 1st period - Shot by Dan Cleary.
2:27 of 1st period - Stopped by Henrik Lundqvist with a rebound.
2:29 of 1st period - Shot by Mike Knuble.
2:29 of 1st period - Shot Misses the Net.
2:31 of 1st period - Shot by Jordan Staal.
2:31 of 1st period - Stopped by Henrik Lundqvist without a rebound.
2:32 of 1st period - David Legwand wins face-off versus Mikko Koivu in Canucks zone.
2:37 of 1st period - Shot by Chris Stewart.
2:37 of 1st period - Stopped by Henrik Lundqvist without a rebound.
2:38 of 1st period - Jordan Staal wins face-off versus Valtteri Filppula in Canucks zone.
3:00 of 1st period - Minor Penalty to Andrej Sekera for Holding.
3:01 of 1st period - Mike Richards wins face-off versus Mikko Koivu in Sabres zone.
3:38 of 1st period - Off-side.
3:39 of 1st period - David Backes wins face-off versus Mike Richards in neutral zone.
4:15 of 1st period - Icing by Matthew Carle.
4:16 of 1st period - Jordan Staal wins face-off versus Phil Kessel in Canucks zone.
4:47 of 1st period - Shot by Corey Perry.
4:47 of 1st period - Deflect By Mikko Koivu.
4:47 of 1st period - Shot Misses the Net.
5:05 of 1st period - Shot by Maxime Talbot.
5:05 of 1st period - Shot Misses the Net.
5:09 of 1st period - Shot by James van Riemsdyk.
5:09 of 1st period - Stopped by Corey Crawford without a rebound.
5:10 of 1st period - Brandon Sutter wins face-off versus David Legwand in Sabres zone.
5:39 of 1st period - Shot by Tuomo Ruutu.
5:39 of 1st period - Deflect By Chris Stewart.
5:39 of 1st period - Shot Misses the Net.
6:30 of 1st period - Icing by Christian Ehrhoff.
6:31 of 1st period - Mikko Koivu wins face-off versus Daniel Briere in Sabres zone.
6:56 of 1st period - Shot by Valtteri Filppula.
6:56 of 1st period - Shot Blocked by Christian Ehrhoff.
7:09 of 1st period - Marian Hossa is hit by David Backes and loses puck.
8:19 of 1st period - Off-side.
8:20 of 1st period - Phil Kessel wins face-off versus Mike Richards in neutral zone.
8:29 of 1st period - Shot by Phil Kessel.
8:29 of 1st period - Shot Misses the Net.
8:31 of 1st period - Shot by Alex Pietrangelo.
8:31 of 1st period - Shot Blocked by Tyler Myers.
8:33 of 1st period - Shot by Alex Pietrangelo.
8:33 of 1st period - Shot Blocked by Tyler Myers.
8:37 of 1st period - Shot by Phil Kessel.
8:37 of 1st period - Stopped by Corey Crawford without a rebound.
8:38 of 1st period - Valtteri Filppula wins face-off versus David Legwand in Sabres zone.
9:09 of 1st period - Valtteri Filppula is hit by Tuomo Ruutu and loses puck.
9:52 of 1st period - Shot by Jordan Staal.
9:52 of 1st period - Stopped by Henrik Lundqvist without a rebound.
9:53 of 1st period - Phil Kessel wins face-off versus Jordan Staal in Canucks zone.
10:18 of 1st period - Jordan Staal is hit by David Backes and loses puck.
10:51 of 1st period - Marian Hossa is hit by Maxime Talbot and loses puck.
11:03 of 1st period - Minor Penalty to Brad Stuart for Interference.
11:04 of 1st period - Mikko Koivu wins face-off versus Jordan Staal in Sabres zone.
11:41 of 1st period - Off-side.
11:42 of 1st period - Jordan Staal wins face-off versus Phil Kessel in neutral zone.
12:08 of 1st period - Phil Kessel is hit by Tyler Myers and loses puck.
14:20 of 1st period - Shot by Dan Cleary.
14:20 of 1st period - Shot Misses the Net.
14:22 of 1st period - Shot by Andrej Sekera.
14:22 of 1st period - Stopped by Henrik Lundqvist with a rebound.
14:50 of 1st period - Off-side.
14:51 of 1st period - Mikko Koivu wins face-off versus Mike Richards in neutral zone.
14:59 of 1st period - Off-side.
15:00 of 1st period - Brandon Sutter wins face-off versus Daniel Briere in neutral zone.
15:07 of 1st period - Shot by Loui Eriksson.
15:07 of 1st period - Stopped by Corey Crawford without a rebound.
15:08 of 1st period - Corey Perry wins face-off versus Mike Richards in Sabres zone.
15:13 of 1st period - Shot by Mikko Koivu.
15:13 of 1st period - Deflect By Valtteri Filppula.
15:13 of 1st period - Stopped by Corey Crawford without a rebound.
15:14 of 1st period - Jordan Staal wins face-off versus Phil Kessel in Sabres zone.
15:32 of 1st period - Shot by Phil Kessel.
15:32 of 1st period - Stopped by Corey Crawford without a rebound.
15:33 of 1st period - Daniel Briere wins face-off versus Corey Perry in Sabres zone.
15:33 of 1st period - Daniel Briere is hit by Corey Perry.
15:39 of 1st period - Valtteri Filppula is hit by Daniel Briere and loses puck.
15:55 of 1st period - Icing by Christian Ehrhoff.
15:56 of 1st period - Phil Kessel wins face-off versus Daniel Briere in Sabres zone.
16:11 of 1st period - Shot by Thomas Vanek.
16:11 of 1st period - Shot Misses the Net.
16:23 of 1st period - Shot by Phil Kessel.
16:23 of 1st period - Stopped by Corey Crawford without a rebound.
16:24 of 1st period - Mike Richards wins face-off versus Brooks Laich in Sabres zone.
17:10 of 1st period - Icing by Jay Bouwmeester.
17:11 of 1st period - Mikko Koivu wins face-off versus Mike Richards in Sabres zone.
17:26 of 1st period - Shot by Mikko Koivu.
17:26 of 1st period - Shot Misses the Net.
17:28 of 1st period - Shot by Corey Perry.
17:28 of 1st period - Stopped by Corey Crawford without a rebound.
17:29 of 1st period - Phil Kessel wins face-off versus Jordan Staal in Sabres zone.
17:45 of 1st period - Icing by Matthew Carle.
17:46 of 1st period - Daniel Briere wins face-off versus David Backes in Canucks zone.
17:47 of 1st period - Shot by Christian Ehrhoff.
17:47 of 1st period - Shot Misses the Net.
18:28 of 1st period - Off-side.
18:29 of 1st period - Jordan Staal wins face-off versus Mikko Koivu in neutral zone.
19:38 of 1st period - Shot by James van Riemsdyk.
19:38 of 1st period - Shot Blocked by Jay Bouwmeester.
19:40 of 1st period - Shot by Brooks Laich.
19:40 of 1st period - Shot Blocked by Jay Bouwmeester.
19:42 of 1st period - Shot by James van Riemsdyk.
19:42 of 1st period - Stopped by Corey Crawford without a rebound.
19:43 of 1st period - Daniel Briere wins face-off versus Phil Kessel in Sabres zone.
19:43 of 1st period - Daniel Briere is hit by David Backes.

Period #2

0:01 of 2nd period - Daniel Briere wins face-off versus Mikko Koivu in neutral zone.
1:27 of 2nd period - Icing by Alex Pietrangelo.
1:28 of 2nd period - David Backes wins face-off versus Jordan Staal in Canucks zone.
2:04 of 2nd period - Shot by Jordan Staal.
2:04 of 2nd period - Deflect By Mike Knuble.
2:04 of 2nd period - Shot Misses the Net.
2:20 of 2nd period - Shot by Maxime Talbot.
2:20 of 2nd period - Stopped by Corey Crawford without a rebound.
2:21 of 2nd period - Mike Richards wins face-off versus Mikko Koivu in Sabres zone.
2:45 of 2nd period - Shot by Chris Stewart.
2:45 of 2nd period - Deflect By Tuomo Ruutu.
2:45 of 2nd period - Shot Blocked by Corey Perry.
2:47 of 2nd period - Shot by Tuomo Ruutu.
2:47 of 2nd period - Shot Misses the Net.
3:16 of 2nd period - Icing by Jay Bouwmeester.
3:17 of 2nd period - Brooks Laich wins face-off versus Chris Stewart in Sabres zone.
3:50 of 2nd period - Shot by Marian Hossa.
3:50 of 2nd period - Goal by Marian Hossa - Sabres : 1 - Canucks : 0.
3:51 of 2nd period - Jordan Staal wins face-off versus Phil Kessel in neutral zone.
3:55 of 2nd period - Shot by Jordan Staal.
3:55 of 2nd period - Stopped by Henrik Lundqvist without a rebound.
3:56 of 2nd period - Jordan Staal wins face-off versus Phil Kessel in Canucks zone.
4:11 of 2nd period - Icing by Dan Cleary.
4:12 of 2nd period - Mikko Koivu wins face-off versus Jordan Staal in Sabres zone.
4:20 of 2nd period - Shot by Corey Perry.
4:20 of 2nd period - Shot Misses the Net.
4:24 of 2nd period - Shot by Corey Perry.
4:24 of 2nd period - Goal by Corey Perry - Sabres : 1 - Canucks : 1.
4:25 of 2nd period - Daniel Briere wins face-off versus Phil Kessel in neutral zone.
4:57 of 2nd period - Shot by Marian Hossa.
4:57 of 2nd period - Stopped by Henrik Lundqvist without a rebound.
4:58 of 2nd period - Mikko Koivu wins face-off versus Jordan Staal in Canucks zone.
5:57 of 2nd period - Dan Cleary is hit by Maxime Talbot and loses puck.
6:07 of 2nd period - Off-side.
6:08 of 2nd period - Daniel Briere wins face-off versus Phil Kessel in neutral zone.
6:47 of 2nd period - Shot by Marian Hossa.
6:47 of 2nd period - Shot Misses the Net.
6:49 of 2nd period - Shot by Daniel Briere.
6:49 of 2nd period - Shot Misses the Net.
6:51 of 2nd period - Shot by Christian Ehrhoff.
6:51 of 2nd period - Shot Blocked by Matthew Carle.
7:11 of 2nd period - Shot by Tuomo Ruutu.
7:11 of 2nd period - Stopped by Henrik Lundqvist with a rebound.
7:15 of 2nd period - Shot by Chris Stewart.
7:15 of 2nd period - Shot Misses the Net.
7:17 of 2nd period - Shot by Tyler Myers.
7:17 of 2nd period - Shot Misses the Net.
7:29 of 2nd period - Shot by Chris Stewart.
7:29 of 2nd period - Stopped by Henrik Lundqvist without a rebound.
7:30 of 2nd period - Mikko Koivu wins face-off versus David Legwand in Canucks zone.
7:47 of 2nd period - Shot by Mikko Koivu.
7:47 of 2nd period - Stopped by Corey Crawford without a rebound.
7:48 of 2nd period - Brooks Laich wins face-off versus Jordan Staal in Sabres zone.
8:25 of 2nd period - Shot by James van Riemsdyk.
8:25 of 2nd period - Deflect By Brooks Laich.
8:25 of 2nd period - Stopped by Corey Crawford without a rebound.
8:26 of 2nd period - Daniel Briere wins face-off versus Mikko Koivu in Sabres zone.
8:35 of 2nd period - Shot by Marian Hossa.
8:35 of 2nd period - Shot Blocked by Duncan Keith.
8:45 of 2nd period - Shot by Corey Perry.
8:45 of 2nd period - Shot Misses the Net.
8:47 of 2nd period - Shot by Corey Perry.
8:47 of 2nd period - Shot Blocked by Christian Ehrhoff.
8:49 of 2nd period - Shot by Mikko Koivu.
8:49 of 2nd period - Stopped by Corey Crawford without a rebound.
8:50 of 2nd period - Mike Richards wins face-off versus Loui Eriksson in Sabres zone.
9:36 of 2nd period - Brooks Laich is hit by Tuomo Ruutu and loses puck.
9:37 of 2nd period - Minor Penalty to Tuomo Ruutu for Roughing.
9:38 of 2nd period - Jordan Staal wins face-off versus Phil Kessel in Sabres zone.
9:44 of 2nd period - Icing by Duncan Keith.
9:45 of 2nd period - David Backes wins face-off versus Jordan Staal in Canucks zone.
10:11 of 2nd period - Shot by Duncan Keith.
10:11 of 2nd period - Shot Misses the Net.
10:13 of 2nd period - Shot by James van Riemsdyk.
10:13 of 2nd period - Stopped by Corey Crawford without a rebound.
10:14 of 2nd period - Mike Richards wins face-off versus Mikko Koivu in Sabres zone.
10:36 of 2nd period - Minor Penalty to Brad Stuart for Slashing.
10:37 of 2nd period - Jordan Staal wins face-off versus Phil Kessel in Sabres zone.
10:55 of 2nd period - Shot by David Backes.
10:55 of 2nd period - Stopped by Corey Crawford without a rebound.
10:56 of 2nd period - Mikko Koivu wins face-off versus Jordan Staal in Sabres zone.
11:03 of 2nd period - Shot by Mikko Koivu.
11:03 of 2nd period - Stopped by Corey Crawford without a rebound.
11:04 of 2nd period - David Backes wins face-off versus Mike Richards in Sabres zone.
11:19 of 2nd period - Shot by David Backes.
11:19 of 2nd period - Shot Blocked by Christian Ehrhoff.
13:18 of 2nd period - Shot by Corey Perry.
13:18 of 2nd period - Shot Misses the Net.
13:20 of 2nd period - Shot by Valtteri Filppula.
13:20 of 2nd period - Goal by Valtteri Filppula - Sabres : 1 - Canucks : 2.
13:21 of 2nd period - Daniel Briere wins face-off versus Brandon Sutter in neutral zone.
14:37 of 2nd period - Off-side.
14:38 of 2nd period - Mike Richards wins face-off versus Brooks Laich in neutral zone.
14:47 of 2nd period - Tuomo Ruutu is hit by Maxime Talbot and loses puck.
15:35 of 2nd period - Off-side.
15:36 of 2nd period - Jordan Staal wins face-off versus Mikko Koivu in neutral zone.
15:57 of 2nd period - Shot by Valtteri Filppula.
15:57 of 2nd period - Shot Misses the Net.
15:59 of 2nd period - Shot by Corey Perry.
15:59 of 2nd period - Shot Blocked by Trevor Daley.
16:07 of 2nd period - Shot by Corey Perry.
16:07 of 2nd period - Shot Misses the Net.
16:09 of 2nd period - Shot by Erik Karlsson.
16:09 of 2nd period - Stopped by Corey Crawford without a rebound.
16:10 of 2nd period - Daniel Briere wins face-off versus Phil Kessel in Sabres zone.
16:10 of 2nd period - Daniel Briere is hit by David Backes.
16:50 of 2nd period - Shot by Phil Kessel.
16:50 of 2nd period - Stopped by Corey Crawford without a rebound.
16:51 of 2nd period - Brooks Laich wins face-off versus Jordan Staal in Sabres zone.
17:11 of 2nd period - Minor Penalty to Maxime Talbot for Tripping.
17:12 of 2nd period - Chris Stewart wins face-off versus Brooks Laich in Canucks zone.
17:28 of 2nd period - Shot by Christian Ehrhoff.
17:28 of 2nd period - Stopped by Henrik Lundqvist with a rebound.
17:30 of 2nd period - Shot by Christian Ehrhoff.
17:30 of 2nd period - Shot Blocked by Fedor Tyutin.
17:32 of 2nd period - Shot by Christian Ehrhoff.
17:32 of 2nd period - Stopped by Henrik Lundqvist with a rebound.
17:34 of 2nd period - Shot by Christian Ehrhoff.
17:34 of 2nd period - Shot Misses the Net.
17:36 of 2nd period - Shot by Daniel Briere.
17:36 of 2nd period - Deflect By Thomas Vanek.
17:36 of 2nd period - Shot Misses the Net.
17:41 of 2nd period - Shot by Chris Stewart.
17:41 of 2nd period - Stopped by Henrik Lundqvist without a rebound.
17:42 of 2nd period - Mike Richards wins face-off versus Brooks Laich in Canucks zone.
17:51 of 2nd period - Shot by Tuomo Ruutu.
17:51 of 2nd period - Stopped by Henrik Lundqvist without a rebound.
17:52 of 2nd period - Mike Richards wins face-off versus Brooks Laich in Canucks zone.
19:12 of 2nd period - Icing by Marian Hossa.
19:13 of 2nd period - Mikko Koivu wins face-off versus Jordan Staal in Sabres zone.
19:18 of 2nd period - Shot by Mikko Koivu.
19:18 of 2nd period - Shot Misses the Net.

Period #3

0:01 of 3rd period - Daniel Briere wins face-off versus Mikko Koivu in neutral zone.
0:46 of 3rd period - Icing by Christian Ehrhoff.
0:47 of 3rd period - Phil Kessel wins face-off versus Thomas Vanek in Sabres zone.
1:00 of 3rd period - Shot by David Backes.
1:00 of 3rd period - Shot Misses the Net.
1:02 of 3rd period - Shot by Loui Eriksson.
1:02 of 3rd period - Stopped by Corey Crawford without a rebound.
1:03 of 3rd period - Mike Richards wins face-off versus Maxime Talbot in Sabres zone.
1:18 of 3rd period - Shot by Chris Stewart.
1:18 of 3rd period - Stopped by Henrik Lundqvist with a rebound.
1:20 of 3rd period - Shot by Chris Stewart.
1:20 of 3rd period - Stopped by Henrik Lundqvist without a rebound.
1:21 of 3rd period - Jordan Staal wins face-off versus Phil Kessel in Canucks zone.
2:39 of 3rd period - Valtteri Filppula is hit by Tyler Myers and loses puck.
3:13 of 3rd period - James van Riemsdyk is hit by Tyler Myers and loses puck.
3:27 of 3rd period - Brooks Laich is hit by Tyler Myers and loses puck.
4:13 of 3rd period - Minor Penalty to Tyler Myers for Goalie Interference.
4:14 of 3rd period - Jordan Staal wins face-off versus Phil Kessel in Sabres zone.
4:25 of 3rd period - Shot by James van Riemsdyk.
4:25 of 3rd period - Stopped by Corey Crawford with a rebound.
4:45 of 3rd period - Shot by James van Riemsdyk.
4:45 of 3rd period - Stopped by Corey Crawford with a rebound.
4:47 of 3rd period - Shot by Duncan Keith.
4:47 of 3rd period - Stopped by Corey Crawford with a rebound.
5:09 of 3rd period - Shot by Loui Eriksson.
5:09 of 3rd period - Shot Misses the Net.
5:11 of 3rd period - Shot by Corey Perry.
5:11 of 3rd period - Shot Misses the Net.
5:13 of 3rd period - Shot by Erik Karlsson.
5:13 of 3rd period - Stopped by Corey Crawford without a rebound.
5:14 of 3rd period - Mikko Koivu wins face-off versus Daniel Briere in Sabres zone.
5:47 of 3rd period - Icing by Loui Eriksson.
5:48 of 3rd period - Jordan Staal wins face-off versus Mikko Koivu in Canucks zone.
6:36 of 3rd period - Shot by Brooks Laich.
6:36 of 3rd period - Stopped by Corey Crawford without a rebound.
6:37 of 3rd period - David Legwand wins face-off versus David Backes in Sabres zone.
7:52 of 3rd period - Shot by Corey Perry.
7:52 of 3rd period - Shot Misses the Net.
7:54 of 3rd period - Shot by Mikko Koivu.
7:54 of 3rd period - Stopped by Corey Crawford without a rebound.
7:55 of 3rd period - Jordan Staal wins face-off versus Brandon Sutter in Sabres zone.
8:25 of 3rd period - Shot by David Backes.
8:25 of 3rd period - Shot Misses the Net.
8:39 of 3rd period - Icing by Alex Pietrangelo.
8:40 of 3rd period - Mike Richards wins face-off versus Brandon Sutter in Canucks zone.
8:41 of 3rd period - Shot by Tuomo Ruutu.
8:41 of 3rd period - Shot Misses the Net.
8:43 of 3rd period - Shot by Mike Richards.
8:43 of 3rd period - Shot Misses the Net.
8:47 of 3rd period - Shot by Chris Stewart.
8:47 of 3rd period - Stopped by Henrik Lundqvist without a rebound.
8:48 of 3rd period - Mike Richards wins face-off versus Brooks Laich in Canucks zone.
8:59 of 3rd period - Shot by Tuomo Ruutu.
8:59 of 3rd period - Stopped by Henrik Lundqvist without a rebound.
9:00 of 3rd period - Mikko Koivu wins face-off versus Mike Richards in Canucks zone.
9:00 of 3rd period - Mikko Koivu is hit by Tuomo Ruutu.
9:01 of 3rd period - Major / Game Misconduct Penalty to Tuomo Ruutu for Attempt to injure.
9:01 of 3rd period - Tuomo Ruutu is ejected from game.
9:02 of 3rd period - Jordan Staal wins face-off versus Phil Kessel in Sabres zone.
9:22 of 3rd period - Icing by Phil Kessel.
9:23 of 3rd period - Jordan Staal wins face-off versus Phil Kessel in Canucks zone.
10:20 of 3rd period - Shot by Erik Karlsson.
10:20 of 3rd period - Goal by Erik Karlsson - Sabres : 1 - Canucks : 3.
10:21 of 3rd period - Jordan Staal wins face-off versus Phil Kessel in neutral zone.
12:45 of 3rd period - Shot by Tyler Myers.
12:45 of 3rd period - Stopped by Henrik Lundqvist without a rebound.
12:46 of 3rd period - Mikko Koivu wins face-off versus Mike Richards in Canucks zone.
13:38 of 3rd period - Off-side.
13:39 of 3rd period - Brooks Laich wins face-off versus Jordan Staal in neutral zone.
13:51 of 3rd period - Shot by James van Riemsdyk.
13:51 of 3rd period - Deflect By David Backes.
13:51 of 3rd period - Shot Misses the Net.
13:53 of 3rd period - Shot by David Backes.
13:53 of 3rd period - Stopped by Corey Crawford without a rebound.
13:54 of 3rd period - Mike Richards wins face-off versus Corey Perry in Sabres zone.
14:42 of 3rd period - Icing by Corey Perry.
14:43 of 3rd period - Brandon Sutter wins face-off versus Jordan Staal in Canucks zone.
14:43 of 3rd period - Corey Perry is hit by Jordan Staal.
14:52 of 3rd period - Minor Penalty to Mike Knuble for Tripping.
14:53 of 3rd period - Phil Kessel wins face-off versus Mike Richards in Sabres zone.
14:54 of 3rd period - Shot by David Backes.
14:54 of 3rd period - Shot Misses the Net.
14:56 of 3rd period - Shot by James van Riemsdyk.
14:56 of 3rd period - Stopped by Corey Crawford with a rebound.
14:58 of 3rd period - Shot by Matthew Carle.
14:58 of 3rd period - Shot Misses the Net.
15:00 of 3rd period - Shot by David Backes.
15:00 of 3rd period - Shot Blocked by Christian Ehrhoff.
15:02 of 3rd period - Shot by Matthew Carle.
15:02 of 3rd period - Shot Blocked by Marian Hossa.
15:04 of 3rd period - Shot by Matthew Carle.
15:04 of 3rd period - Stopped by Corey Crawford with a rebound.
15:06 of 3rd period - Shot by Matthew Carle.
15:06 of 3rd period - Stopped by Corey Crawford without a rebound.
15:07 of 3rd period - Phil Kessel wins face-off versus Jordan Staal in Sabres zone.
15:55 of 3rd period - Shot by Corey Perry.
15:55 of 3rd period - Shot Misses the Net.
15:57 of 3rd period - Shot by Alex Pietrangelo.
15:57 of 3rd period - Stopped by Corey Crawford without a rebound.
15:58 of 3rd period - Jordan Staal wins face-off versus Mikko Koivu in Sabres zone.
15:58 of 3rd period - Jordan Staal is hit by Mikko Koivu.
16:05 of 3rd period - Icing by Brooks Laich.
16:06 of 3rd period - Mikko Koivu wins face-off versus Jordan Staal in Canucks zone.
16:10 of 3rd period - Off-side.
16:11 of 3rd period - Mike Richards wins face-off versus Phil Kessel in neutral zone.
16:27 of 3rd period - Shot by Duncan Keith.
16:27 of 3rd period - Shot Blocked by Brad Stuart.
16:29 of 3rd period - Shot by Duncan Keith.
16:29 of 3rd period - Stopped by Corey Crawford without a rebound.
16:30 of 3rd period - Mikko Koivu wins face-off versus Jordan Staal in Sabres zone.
17:11 of 3rd period - Shot by Mike Richards.
17:11 of 3rd period - Shot Misses the Net.
17:13 of 3rd period - Shot by Mike Richards.
17:13 of 3rd period - Shot Misses the Net.
17:34 of 3rd period - Off-side.
17:35 of 3rd period - Mike Richards wins face-off versus Corey Perry in neutral zone.
17:42 of 3rd period - Shot by Mike Richards.
17:42 of 3rd period - Stopped by Henrik Lundqvist without a rebound.
17:43 of 3rd period - Mikko Koivu wins face-off versus Thomas Vanek in Canucks zone.
17:43 of 3rd period - Mikko Koivu is hit by Mike Richards.
17:46 of 3rd period - Icing by Erik Karlsson.
17:47 of 3rd period - Mikko Koivu wins face-off versus Jordan Staal in Canucks zone.
18:11 of 3rd period - Duncan Keith is hit by Jordan Staal and loses puck.
19:10 of 3rd period - Shot by Marian Hossa.
19:10 of 3rd period - Deflect By Thomas Vanek.
19:10 of 3rd period - Stopped by Henrik Lundqvist without a rebound.
19:11 of 3rd period - Daniel Briere wins face-off versus Mikko Koivu in Canucks zone.
19:14 of 3rd period - Shot by Thomas Vanek.
19:14 of 3rd period - Stopped by Henrik Lundqvist without a rebound.
19:15 of 3rd period - Corey Perry wins face-off versus Daniel Briere in Canucks zone.
19:26 of 3rd period - Mikko Koivu is hit by Daniel Briere and loses puck.
19:35 of 3rd period - Shot by Daniel Briere.
19:35 of 3rd period - Shot Misses the Net.


Output by the SimonT Hockey Simulator (STHS) for Stephane Roy -- Original Page W3C XHTML 1.0 Valid